 Dungeon Crawl Stone Soup version 0.19-a0-1107-gc676ff4 (webtiles) character file.

1117 JustSomeDude the Skirmisher (level 8, -5/63 HPs)
             Began as a Demonspawn Fighter on Aug 9, 2016.
             Killed by nerve-wracking pain
             ... invoked by an orc priest
              (7 damage)
             ... on level 5 of the Dungeon.
             The game lasted 00:09:40 (3671 turns).

JustSomeDude the Skirmisher (Demonspawn Fighter)    Turns: 3671, Time: 00:09:42

Health: -5/63      AC: 15    Str: 16 (19) XL:     8   Next: 12%
Magic:  8/8        EV:  8    Int:  7 (9)  God:
Gold:   186        SH:  9    Dex:  9 (12) Spells: 0 memorised, 7 levels left

rFire  . . .     SeeInvis .     a - +1 war axe
rCold  + . .     Gourm    .     b - +0 scale mail
rNeg   . . .     Faith    .     c - +0 shield
rPois  .         Spirit   .     G - +2 hat
rElec  .         Dismiss  .     u - +0 cloak
rCorr  .         Reflect  .     (no gloves)
SustAt .         Harm     .     (no boots)
MR     .....                    (no amulet)
Stlth  ..........               (no ring)
                                q - +3 ring of protection

@:
A: antennae 2, rough black scales 1, cold resistance 1
a: no special abilities


You were on level 5 of the Dungeon.
You were not hungry.

You visited 1 branch of the dungeon, and saw 5 of its levels.

You collected 186 gold pieces.

Inventory:

Hand Weapons
 a - a +1 war axe (weapon)
Missiles
 r - 7 javelins (quivered)
Armour
 b - a +0 scale mail (worn)
 c - a +0 shield (worn)
 u - a +0 cloak (worn)
 G - a +2 hat (worn)
Jewellery
 q - a +3 ring of protection (left hand)
 K - a +2 ring of slaying {unknown}
Wands
 E - a wand of flame (37/48)
 I - a wand of flame (12/48)
Scrolls
 g - 2 scrolls of enchant weapon
 h - a scroll of teleportation {unknown}
 i - a scroll of random uselessness {unknown}
 k - 6 scrolls of identify {unknown}
 n - 2 scrolls of noise {unknown}
 o - 2 scrolls of remove curse {unknown}
 x - a scroll of fear {unknown}
 y - 3 scrolls of recharging {unknown}
 C - 3 scrolls of enchant armour {unknown}
 D - a scroll of blinking {unknown}
 F - a scroll of immolation {unknown}
 H - a scroll of amnesia {unknown}
 J - a scroll of fog {unknown}
Potions
 j - 2 potions of degeneration
 v - a potion of heal wounds {unknown}
 z - a potion of agility {unknown}
 A - a potion of flight {unknown}
 B - a potion of cure mutation {unknown}
Comestibles
 d - a beef jerky
 f - 2 bread rations
 m - 3 chunks of flesh
 p - a royal jelly
 w - 3 slices of pizza


   Skills:
 + Level 5.5 Fighting
 + Level 4.1 Axes
 + Level 4.2 Armour
 + Level 3.6 Dodging
 + Level 0.2 Stealth
 + Level 5.0 Shields


You had 7 spell levels left.
You didn't know any spells.

Dungeon Overview and Level Annotations

Branches:
Dungeon (5/15)
 Temple: D:4-7

Altars:
Pakellas


Innate Abilities, Weirdness & Mutations

You have a pair of antennae on your head.
You are partially covered in rough black scales. (AC +2, Dex -1)
Your flesh is cold resistant. (rC+)


Message History

It was a potion of invisibility.
You fade into invisibility!
The orc priest closely misses you. The orc wizard barely misses you.
The orc priest hits you with a flail!
* * * LOW HITPOINT WARNING * * *
You are very lightly contaminated with residual magic.
It was a potion of cancellation.
Your magical effects are unravelling.
Your magical contamination has completely faded away.
You feel magically purged.
You feel less invigorated.
You flicker back into view.
You feel less confused. The orc wizard casts a spell at you.
The magic dart hits you!
* * * LOW HITPOINT WARNING * * *
The orc priest mumbles some strange prayers to Beogh against you.
Pain shoots through your body!
* * * LOW HITPOINT WARNING * * *
The orc priest invokes the aid of Beogh against you.
Pain shoots through your body!
You die...

...... #.......##...
....... #.......##...
....... #.......###..
.....#+##........##.. #
..........#......##..
#.. +#......#..........
#...#+#......+.......#..
#............#.......###
#.....o@#+####.......# #
#.....oo# #......####
........# #..........
....$.### #####+####.
...... #.... ......
#.... ..... #.... .....
#.### #....


You could see 2 orc priests and an orc wizard.

Vanquished Creatures
  Pikel (D:4)
  Sigmund (D:4)
  3 slaves (D:4)
  An ogre (D:4)
  2 hounds (D:4)
  An orc wizard (D:4)
  A worker ant (D:4)
  An iguana (D:4)
  A howler monkey zombie (D:4)
  4 gnolls (D:4)
  6 adders
  A shadow imp (D:3)
  2 oozes
  An adder skeleton (D:4)
  4 worms (D:2)
  3 dart slugs (D:1)
  7 giant geckos
  5 orcs
  A ball python (D:1)
  13 giant cockroaches
  6 hobgoblins
  14 jackals
  2 quokkas
  14 bats
  5 giant newts
  8 goblins
  10 kobolds
  3 rats
121 creatures vanquished.

Vanquished Creatures (others)
  A slave (D:4)
  An adder (D:4)
2 creatures vanquished.

Grand Total: 123 creatures vanquished

Notes
Turn   | Place    | Note
-------+----------+-------------------------------------------
     0 | D:1      | JustSomeDude the Demonspawn Fighter began the quest for the Orb.
     0 | D:1      | Reached XP level 1. HP: 18/18 MP: 1/1
   102 | D:1      | Gained mutation: Your flesh is cold resistant. (rC+) [demonic ancestry]
   102 | D:1      | Reached XP level 2. HP: 22/24 MP: 2/2
   289 | D:1      | Reached XP level 3. HP: 14/29 MP: 3/3
   658 | D:1      | Reached skill level 1 in Dodging
  1190 | D:2      | Gained mutation: You have a pair of small antennae on your head. [demonic ancestry]
  1190 | D:2      | Reached XP level 4. HP: 30/35 MP: 4/4
  2283 | D:3      | Gained mutation: You are partially covered in rough black scales. (AC +2, Dex -1) [demonic ancestry]
  2283 | D:3      | Reached XP level 5. HP: 26/41 MP: 5/5
  2884 | D:4      | Found an oddly glowing altar of Pakellas.
  3011 | D:4      | Noticed Sigmund
  3011 | D:4      | Noticed an ogre
  3021 | D:4      | Killed an ogre
  3021 | D:4      | Reached XP level 6. HP: 18/48 MP: 6/6
  3060 | D:4      | Killed Sigmund
  3153 | D:4      | Gained mutation: You have a pair of antennae on your head. [demonic ancestry]
  3153 | D:4      | Reached XP level 7. HP: 29/55 MP: 7/7
  3478 | D:4      | Noticed Pikel
  3502 | D:4      | Killed Pikel
  3502 | D:4      | Reached skill level 5 in Fighting
  3502 | D:4      | Reached skill level 5 in Shields
  3502 | D:4      | Reached XP level 8. HP: 42/63 MP: 8/8
  3597 | D:5      | Entered Level 5 of the Dungeon
  3668 | D:5      | HP: 1/63 [orc wizard/magic dart (5)]
  3671 | D:5      | Killed from afar by an orc priest

Vault maps used:
D:1:      scummos_arrival_simple_crosswalls
D:2:      grunt_decor_mini_mirrors, minmay_split_cup_large
D:3:      minmay_roachtagon
D:4:      grunt_pakellas_mercury, uniq_sigmund, uniq_pikel
D:5:      serial_shops, nicolae_shop_crystal, first_bread, moated_statue

Skill      XL: |  1  2  3  4  5  6  7 |
---------------+----------------------+-----
Armour         | 3 4 |  4.2
Shields        | 3 4 5 |  5.0
Axes           | 2 3 4 |  4.1
Dodging        | 1 2 3 |  3.6
Fighting       | 4 5 |  5.5
Stealth        | |  0.2

Action                   |  1- 3 |  4- 6 |  7- 9 || total
-------------------------+-------+-------+-------++-------
Melee: War axe           |   166 |   191 |   115 ||   472
Throw: Javelin           |       |     2 |       ||     2
  Use: Potion            |       |     5 |     5 ||    10
       Scroll            |       |     1 |       ||     1
 Stab: Distracted        |       |       |     2 ||     2
  Eat: Chunk             |     1 |     7 |     2 ||    10
Armor: Scale mail        |    80 |   138 |    59 ||   277
       Skin              |       |     3 |       ||     3
Dodge: Dodged            |    49 |    80 |    50 ||   179
Block: Shield            |   107 |   117 |    53 ||   277
